Map: Eternal Empire LE

Players

Neeb - Winner!

  • Race: Protoss Protoss
  • League: Master
  • Spawn Location: 1:00

DisK

  • Race: Protoss Protoss
  • League: Grandmaster
  • Spawn Location: 7:00

Event: DreamHack SC2 Masters 2020 Fall

VOD

Have the link to the VOD?

Description

Time

  • Played on: Sept. 1, 2020, 4:11 p.m.
  • Length: 8:53

All games in this series

Show
View Real Time Build Order
Export as new Build Order

Neeb Protoss - Winner!

Build Orders: Oracle Opening 

Get SALT Encoding   

  12  0:00  Probe  
  13  0:12  Probe  
  14  0:17  Pylon  
  14  0:25  Probe (Chrono Boost)  
  15  0:35  Gateway  
  15  0:39  Probe (Chrono Boost)  
  16  0:44  Probe (Chrono Boost)  
  16  0:47  Assimilator  
  17  0:54  Probe  
  17  0:55  Assimilator  
  18  1:06  Probe (Chrono Boost)  
  18  1:11  Gateway  
  19  1:16  Probe (Chrono Boost)  
  20  1:20  Probe (Chrono Boost)  
  20  1:25  Cybernetics Core  
  21  1:32  Probe  
  22  1:35  Pylon  
  22  1:44  Probe  
  23  2:00  Adept x2  
  23  2:01  Warp Gate  
  27  2:10  Stargate  
  27  2:14  Pylon  
  27  2:17  Probe  
  28  2:31  Adept  
  28  2:32  Adept  
  32  2:50  Oracle (Chrono Boost)  
  37  3:06  Nexus  
  35  3:15  Pylon  
  35  3:20  Oracle (Chrono Boost)  
  39  3:27  Probe  
  39  3:35  Shield Battery  
  39  3:39  Probe  
  40  3:51  Probe  
  40  3:54  Adept x2  
  45  4:03  Probe  
  46  4:15  Probe  
  47  4:25  Probe (Chrono Boost)  
  47  4:27  Probe (Chrono Boost)  
  47  4:30  Forge  
  47  4:31  Twilight Council  
  47  4:35  Sentry x2  
  47  4:36  Probe (Chrono Boost)  
  47  4:37  Probe (Chrono Boost)  
  53  4:41  Probe (Chrono Boost)  
  52  4:50  Probe  
  52  4:52  Probe  
  54  4:53  Shield Battery  
  54  4:58  Sentry  
  54  4:59  Stalker  
  56  5:01  Blink (Chrono Boost)  
  56  5:02  Probe  
  56  5:04  Probe  
  58  5:07  Pylon  
  58  5:14  Probe  
  58  5:15  Assimilator  
  58  5:16  Probe  
  60  5:26  Probe  
  60  5:28  Probe  
  60  5:39  Probe  
  60  5:40  Probe  
  57  5:44  Stalker x2  
  57  5:49  Nexus, Protoss Ground Weapons Level 1 (Chrono Boost)  
  61  5:51  Probe  
  61  5:52  Pylon  
  62  5:57  Probe  
  63  6:07  Gateway  
  63  6:08  Gateway  
  63  6:11  Stalker  
  65  6:14  Shield Battery  
  65  6:15  Stalker  
  68  6:18  Probe  
  68  6:20  Probe  
  69  6:31  Pylon  
  70  6:38  Gateway  
  69  6:40  Gateway  
  69  6:44  Stalker x2  
  67  6:51  Shield Battery  
  67  6:53  Shield Battery  
  66  6:55  Robotics Facility  
  66  6:58  Assimilator  
  66  7:01  Stalker  
  66  7:06  Stalker  
  70  7:09  Stalker  
  70  7:10  Stalker  
  70  7:14  Probe  
  71  7:25  Probe  
  71  7:28  Probe  
  71  7:37  Probe, Pylon  
  71  7:40  Stalker x3  
  74  7:46  Stalker x2  
  78  7:55  Probe  
  83  7:58  Immortal  
  83  8:04  Stalker  
  85  8:08  Pylon  
  81  8:13  Pylon  
  81  8:15  Stalker  
  81  8:16  Stalker x2  
  85  8:31  Stalker x3  
  91  8:34  Pylon  
  85  8:44  Stalker x3  
Show
View Real Time Build Order
Export as new Build Order

DisK Protoss 

Build Orders:  

Get SALT Encoding   

  12  0:00  Probe  
  13  0:12  Probe  
  14  0:17  Pylon  
  14  0:24  Probe  
  15  0:36  Gateway, Probe (Chrono Boost)  
  16  0:45  Probe (Chrono Boost)  
  16  0:46  Assimilator  
  17  0:51  Probe (Chrono Boost)  
  17  0:55  Assimilator  
  18  1:03  Probe (Chrono Boost)  
  19  1:08  Gateway  
  19  1:13  Probe (Chrono Boost)  
  20  1:19  Probe  
  20  1:25  Cybernetics Core  
  21  1:31  Probe  
  22  1:36  Pylon  
  22  1:43  Probe  
  23  1:55  Probe  
  23  2:01  Sentry, Warp Gate, Stalker  
  28  2:08  Probe  
  29  2:14  Pylon  
  29  2:20  Probe  
  30  2:32  Stalker x2  
  34  2:52  Shield Battery  
  34  2:59  Nexus  
  34  3:11  Sentry, Stalker  
  34  3:12  Shield Battery  
  38  3:18  Shield Battery  
  38  3:26  Probe  
  39  3:34  Pylon  
  39  3:40  Twilight Council  
  38  3:52  Shield Battery  
  38  3:54  Stalker  
  40  3:58  Stalker  
  40  4:02  Probe (Chrono Boost)  
  43  4:07  Shield Battery  
  43  4:12  Probe (Chrono Boost)  
  43  4:13  Probe (Chrono Boost)  
  44  4:20  Probe (Chrono Boost)  
  44  4:21  Probe (Chrono Boost)  
  43  4:31  Stalker  
  43  4:32  Blink (Chrono Boost)  
  43  4:33  Probe (Chrono Boost)  
  43  4:37  Probe (Chrono Boost)  
  45  4:47  Probe x2 (Chrono Boost)  
  44  4:58  Probe  
  45  5:06  Stalker  
  47  5:08  Probe (Chrono Boost)  
  49  5:15  Probe (Chrono Boost)  
  49  5:20  Probe (Chrono Boost)  
  50  5:25  Probe (Chrono Boost), Stalker  
  54  5:28  Probe (Chrono Boost)  
  54  5:31  Probe (Chrono Boost)  
  48  5:44  Probe x2  
  48  5:49  Gateway  
  50  5:51  Gateway  
  50  6:01  Probe x2  
  50  6:03  Gateway  
  52  6:09  Sentry x2  
  56  6:19  Probe x2  
  56  6:24  Pylon  
  56  6:48  Pylon  
  56  6:49  Stalker x4  
  64  7:00  Probe  
  65  7:14  Stalker x5  
  64  7:38  Stalker x2  
  62  7:46  Stalker x3  
  62  7:48  Probe x2  
  70  7:53  Shield Battery  
  58  8:13  Stalker x2  
  58  8:14  Zealot, Stalker x2  
  58  8:19  Shield Battery  
  66  8:20  Pylon  
  66  8:28  Probe x2  
  60  8:41  Stalker x3  

Tags
 
Add a new tag
Caveats
  • Supply blocks, unpowered buildings, or Contaminate may cause inaccurate times.
  • Supply counts are checked every 10 seconds.